AoeStats
← Darchness

Arabia

509866860Analyzed
4v4 RM · 4d ago on Sep 28, 2026· 67m 24s· 8 players
Game mode
Random Map
Map size
Large (8 player)
Population
200
Speed
Normal
Resources
Standard
Victory
Conquest
Starting age
Dark Age
Ending age
Imperial Age
RankedLock teamsTeams togetherTeam positionsShared explorationLock speedFull tech treeHidden civsTurbo modeCheats
Victory
Defeat
🇲🇽 Franks · Mexico
1119
+11
🇨🇿 Britons · Czechia
1109
+11
🇨🇭 Mongols · Switzerland
1109
+11
🇺🇸 Huns · United States
938
+17
🇨🇳 Varangians · China
1017
-14
🇦🇺 Vikings · Australia
1014
-13
🇨🇳 Danes · China
985
-12
🇨🇳 Chinese · China
962
-11
Johnston
8:25 Loom
10:19 Feudal Age
13:38 Gold Mining
14:25 Town Watch
15:45 Fletching
20:37 Castle Age
20:51 Crossbowman
24:38 Bodkin Arrow
24:59 Double-Bit Axe
34:55 Scale Mail Armor
35:06 Forging
35:54 Pikeman
40:42 Squires
46:18 Imperial Age
46:09 Chieftains
46:28 Arbalester
47:12 Padded Archer Armor
47:52 Bracer
48:39 Leather Archer Armor
51:11 Conscription
54:56 Chemistry
54:55 Bogsveigar
55:55 Masonry
58:41 Ballistics
61:03 Ring Archer Armor
NORINCO
10:13 Feudal Age
11:14 Double-Bit Axe
12:06 Man-at-Arms
13:46 Loom
14:21 Arson
15:19 Horse Collar
19:47 Wheelbarrow
23:09 Castle Age
24:10 Stone Mining
24:26 Pikeman
25:30 Bow Saw
25:28 Gold Mining
26:56 Stone Shaft Mining
30:32 Imperial Age
28:51 Squires
28:56 Scale Mail Armor
29:06 Forging
33:12 Gold Shaft Mining
33:45 Iron Casting
33:16 Scale Barding Armor
34:51 Conscription
34:38 Hamask
36:14 Halberdier
39:44 Hand Cart
39:14 Heavy Scorpion
40:20 Chain Mail Armor
43:21 Hoardings
44:02 Elite Jomsviking
48:18 Blast Furnace
50:17 Plate Mail Armor
51:12 Elite Skirmisher
51:59 Thumb Ring
53:01 Padded Archer Armor
52:51 Fletching
54:10 Bodkin Arrow
54:32 Leather Archer Armor
58:35 Siege Engineers
58:51 Ballistics
59:31 Chemistry
Enrique
4:40 Loom
11:23 Feudal Age
12:08 Double-Bit Axe
12:08 Horse Collar
14:58 Bloodlines
18:08 Forging
20:08 Castle Age
18:59 Scale Barding Armor
19:40 Gold Mining
21:22 Forging
22:54 Wheelbarrow
23:39 Husbandry
30:34 Bow Saw
30:55 Stone Mining
31:57 Chain Barding Armor
32:36 Town Watch
36:07 Imperial Age
34:03 Ballistics
34:44 Chain Barding Armor
35:00 Iron Casting
35:33 Hand Cart
36:38 Cavalier
38:22 Blast Furnace
39:45 Plate Barding Armor
39:45 Conscription
38:45 Vendel Legacy
40:12 Town Patrol
40:16 Heavy Plow
40:47 Fletching
42:05 Chemistry
43:05 Light Cavalry
43:43 Bodkin Arrow
43:47 Hussar
46:02 Masonry
53:19 Crop Rotation
59:08 Bracer
雷欧
10:42 Feudal Age
15:33 Castle Age
13:51 Double-Bit Axe
14:23 Horse Collar
22:21 Wheelbarrow
24:30 Bow Saw
24:46 Heavy Plow
25:24 Gold Mining
26:33 Loom
27:05 Hand Cart
26:36 Town Watch
31:42 Imperial Age
31:10 Fletching
31:33 Forging
30:47 Pikeman
31:27 Squires
31:18 Arson
34:11 Ballistics
34:52 Chemistry
34:03 Masonry
33:44 Guard Tower
35:17 Two-Man Saw
34:50 Conscription
35:22 Gold Shaft Mining
34:38 Stone Mining
34:23 Heavy Scorpion
36:17 Iron Casting
35:38 Bodkin Arrow
35:43 Scale Mail Armor
35:48 Elite Chu Ko Nu
38:45 Bracer
39:03 Chain Mail Armor
38:50 Padded Archer Armor
43:13 Rocketry
43:35 Elite Fire Lancer
47:04 Leather Archer Armor
47:50 Blast Furnace
47:28 Plate Mail Armor
47:24 Pikeman
47:55 Halberdier
50:29 Ring Archer Armor
[VL]_EoMeR_
3:31 Loom
10:35 Feudal Age
14:18 Forging
23:04 Castle Age
21:57 Scale Barding Armor
21:40 Double-Bit Axe
21:50 Gold Mining
24:23 Chain Barding Armor
32:07 Iron Casting
38:37 Imperial Age
37:20 Wheelbarrow
39:10 Bow Saw
38:42 Cavalier
40:03 Plate Barding Armor
41:40 Blast Furnace
42:25 Paladin
45:25 Gold Shaft Mining
52:41 Light Cavalry
Darchness
2:53 Loom
9:23 Feudal Age
10:17 Double-Bit Axe
12:27 Horse Collar
16:36 Fletching
16:55 Horse Collar
20:25 Castle Age
20:56 Crossbowman
21:40 Bodkin Arrow
24:18 Bow Saw
25:00 Pikeman
25:45 Padded Archer Armor
25:57 Heavy Plow
28:11 Leather Archer Armor
30:59 Wheelbarrow
30:50 Ballistics
36:10 Imperial Age
33:27 Town Watch
34:04 Hand Cart
36:18 Yeomen
37:37 Arbalester
40:13 Conscription
41:07 Bracer
41:37 Ring Archer Armor
41:59 Elite Longbowman
46:03 Chemistry
46:18 Two-Man Saw
45:36 Elite Skirmisher
50:01 Forging
49:52 Scale Mail Armor
65:57 Squires
frickman
8:10 Feudal Age
8:49 Double-Bit Axe
8:54 Loom
13:52 Horse Collar
21:14 Castle Age
19:10 Gold Mining
19:49 Forging
19:44 Scale Barding Armor
20:26 Bloodlines
22:40 Bow Saw
23:07 Gold Shaft Mining
22:37 Heavy Plow
23:16 Light Cavalry
25:52 Wheelbarrow
25:35 Husbandry
28:42 Hand Cart
29:31 Iron Casting
29:17 Chain Barding Armor
36:01 Imperial Age
35:07 Stone Mining
36:03 Masonry
36:14 Ballistics
36:49 Stone Shaft Mining
36:40 Fletching
39:05 Hussar
40:38 Conscription
40:20 Bodkin Arrow
40:25 Padded Archer Armor
41:53 Elite Mangudai
43:55 Chemistry
43:01 Siege Engineers
43:01 Bracer
43:16 Leather Archer Armor
44:02 Blast Furnace
44:09 Hoardings
43:28 Heavy Camel Rider
46:12 Murder Holes
46:33 Thumb Ring
46:53 Parthian Tactics
46:55 Elite Skirmisher
47:23 Pikeman
53:43 Town Watch
60:44 Scale Mail Armor
Tulak Hord3920
0:29 Loom
11:25 Feudal Age
24:10 Castle Age
22:43 Horse Collar
22:56 Double-Bit Axe
23:42 Gold Mining
32:26 Heavy Plow
33:37 Pikeman
46:24 Elite Skirmisher
58:38 Gold Shaft Mining
58:57 Wheelbarrow
61:08 Imperial Age
62:24 Bow Saw
62:37 Halberdier
Connection lost

Rejoining the realm…

Still unreachable

The connection could not be restored.

Session expired

The server has moved on; the page needs a fresh start.